 Dungeon Crawl Stone Soup version 0.21.1-1-g345015f (webtiles) character file.

452 Melicamp the Skirmisher (level 7, -4/60 HPs)
             Began as a Barachi Wanderer on Apr 8, 2018.
             Was an Initiate of Uskayaw.
             Slain by Menkaure (13 damage)
             ... on level 4 of the Dungeon.
             The game lasted 00:15:46 (5059 turns).

Melicamp the Skirmisher (Barachi Wanderer)          Turns: 5059, Time: 00:15:47

Health: -4/60      AC:  7    Str: 16    XL:     7   Next: 4%
Magic:  4/7        EV:  9    Int: 10    God:    Uskayaw [......]
Gold:   106        SH:  0    Dex: 13    Spells: 6/6 levels left

rFire    . . .     SeeInvis .   o - +1 mace (drain)
rCold    . . .     Gourm    .   (no shield)
rNeg     . . .     Faith    +   k - +0 scale mail
rPois    .         Spirit   .   (no helmet)
rElec    .         Reflect  .   (no cloak)
rCorr    .         Harm     .   m - +0 pair of gloves
MR       .....                  (no boots)
Stlth    ..........             i - amulet of faith
HPRegen  0.20/turn              (no ring)
MPRegen  0.10/turn              (no ring)

@: can't hop, very heavily drained, slow
A: +LOS, swims, slowness 1, strong legs 1
a: Hop, Renounce Religion


You were on level 4 of the Dungeon.
You worshipped Uskayaw.
Uskayaw was noncommittal.
You were hungry.

You visited 1 branch of the dungeon, and saw 4 of its levels.

You collected 106 gold pieces.

Inventory:

Hand Weapons
 o - a +1 mace of draining (weapon)
   (You found it on level 1 of the Dungeon)
Missiles
 e - 14 arrows
 h - 58 stones (quivered)
Armour
 a - a +0 shield
 k - a +0 scale mail (worn)
   (You took it off an orc on level 3 of the Dungeon)
 m - a +0 pair of gloves (worn)
   (You found it on level 2 of the Dungeon)
Jewellery
 i - an amulet of faith (around neck)
   (You found it on level 1 of the Dungeon)
Wands
 r - a wand of flame (23)
   (You took it off Ijyb on level 3 of the Dungeon)
Scrolls
 b - 3 scrolls of remove curse
 c - 3 scrolls of teleportation
 l - a scroll of fear
 s - a scroll of enchant weapon
Potions
 d - a potion of berserk rage {unknown}
 g - a potion of agility {unknown}
 j - a potion of mutation
 n - a potion of flight {unknown}
 p - a potion of ambrosia {unknown}
 q - a potion of degeneration {unknown}
 t - a potion of curing {unknown}
Comestibles
 f - 5 rations
 u - 2 chunks of flesh


   Skills:
 * Level 7.3(2.4) Fighting
   Level 4.8(0.8) Axes
 + Level 3.6(0.3) Maces & Flails
 - Level 2.4(0.0) Armour
 - Level 2.1(0.0) Shields


You had 6 spell levels left.
You didn't know any spells.

Dungeon Overview and Level Annotations

Branches:
Dungeon (4/15)
 Temple: D:4-7

Altars:
Ashenzari
Cheibriados
Elyvilon
Gozag
Qazlal
Ru
Uskayaw

Annotations:
D:3 2 transporters
D:4 Menkaure


Innate Abilities, Weirdness & Mutations

Shadows flee at your approach. (+LOS)
You can swim through water.
You cover ground slowly.
You can hop short distances.


Message History

The hound bites you. The hound misses you.
You completely miss the hound.
The hound is moderately wounded.
The hound barely misses you. The hound bites you but does no damage.
You barely miss the hound.
The hound is moderately wounded.
The hound bites you but does no damage. The hound barely misses you.
The hound bites you.
You hit the hound. You drain the hound!
The hound is severely wounded.
The hound bites you but does no damage.
The hound stops to sniff the ground.
The hound bites you but does no damage.
You can now pass through a line of other dancers.
You miss the hound.
The hound is severely wounded.
The hound bites you but does no damage. x2
You sock the hound!
You kill the hound!
You have reached level 7!
You see here a hound corpse.
You butcher the hound corpse.
u - 2 chunks of flesh You see here a hound skeleton.
Items here: ))) [[ †††† You see here a hand axe.
There isn't anything to butcher here.
Items here: ))) [[ †††† You butcher the orc corpse.
You can no longer pass through a line of other dancers.
u - 3 chunks of flesh (gained 1)
Items here: ))) [[ ÷ ††† You butcher the orc corpse.
u - 5 chunks of flesh (gained 2)
Items here: ))) [[ ÷ †† You butcher the quokka corpse.
u - 6 chunks of flesh (gained 1)
Items here: ))) [[ ÷ † You butcher the orc corpse.
u - 8 chunks of flesh (gained 2)
Items here: ))) [[ ÷
Okay, then.
You see here a hand axe.
You start resting.
Eating one of 8 chunks of flesh.
You eat one of the 8 chunks of flesh.
This raw flesh tastes terrible.
HP restored.
You see here a hand axe.
Items here: ))) [[ ÷ You see here a hound skeleton.
Menkaure, Prince of Dust comes into view.
Menkaure shouts!
Menkaure wails, "Why can't you leave me to my rest?"
Some of the chunks of flesh in your inventory have rotted away.
Found a dagger.
You are feeling hungry.
Some of the chunks of flesh in your inventory have rotted away.
A quokka comes into view.
Found a stone staircase leading down.
The quokka closely misses you. x2
You hit the quokka.
The quokka is moderately wounded.
The quokka barely misses you.
Menkaure casts a spell.
Menkaure seems to speed up.
You hit the quokka but do no damage. You drain the quokka!
The quokka is severely wounded.
The quokka bites you. x2
You closely miss the quokka.
The quokka is severely wounded.
Menkaure gestures at you while chanting.
Pain shoots through your body! The quokka barely misses you.
The quokka bites you but does no damage.
You closely miss the quokka.
The quokka is severely wounded.
The quokka closely misses you.
You miss the quokka.
The quokka is severely wounded.
The quokka bites you. The quokka barely misses you.
You miss the quokka.
The quokka is severely wounded.
Menkaure points at you and mumbles some strange words.
Pain shoots through your body! The quokka bites you. Menkaure hits you!!
* * * LOW HITPOINT WARNING * * *
The quokka bites you but does no damage.
You hear an angry hiss.
Hop to where?
Press: ? - help, Dir - move target cursor Boing!
Menkaure calls on the powers of darkness!
Your body is wracked with pain!
* * * LOW HITPOINT WARNING * * *
The quokka bites you.
* * * LOW HITPOINT WARNING * * *
You stomp with the beat, sending a shockwave through the revelers around you!
Menkaure is moderately damaged.
You kill the quokka!
You feel somewhat more hungry.
You can no longer stomp with the beat.
Menkaure hits you!
You die...

..#.#.# #.# #.#.#.# ..#
### ......####.#####.#
..#.#.#..........+
#.#.#...##.#####.#
........#..##..#.# #
#.#.##..#......#.# .#
........#..##.##.# ..#
..#.###.#..#...M@#...###
..#.# #....#..##§S.....#
..#.# ##...#...........+
................#
##...#...###+#####
....).... ###..#....
#.>#..### .. #..


You could see Menkaure and a ball python.

Vanquished Creatures
  A hound (D:4)
  An orc priest (D:2)
  A centaur skeleton (D:2)
  Jessica (D:2)
  Ijyb (D:3)
  Natasha (thrice) (D:2)
  2 orc wizards
  5 adders
  4 gnolls (D:2)
  2 oozes (D:1)
  4 worms
  3 dart slugs (D:1)
  A leopard gecko (D:1)
  7 orcs
  6 bats
  2 giant cockroaches (D:1)
  9 goblins
  6 hobgoblins
  3 quokkas
  2 ball pythons
  4 frilled lizards (D:1)
  12 kobolds
  8 rats
88 creatures vanquished.

Notes
Turn   | Place    | Note
-------+----------+-------------------------------------------
     0 | D:1      | Melicamp the Barachi Wanderer began the quest for the Orb.
     0 | D:1      | Melicamp set off with: a +0 shield, a +0 hand axe, a scroll of teleportation, a +0 robe, a ration
     0 | D:1      | Reached XP level 1. HP: 17/17 MP: 1/1
    36 | D:1      | HP: 3/17 [dart slug/slug dart (7)]
   427 | D:1      | Reached skill level 3 in Fighting
   427 | D:1      | Reached XP level 2. HP: 21/24 MP: 2/2
   627 | D:1      | Reached XP level 3. HP: 25/30 MP: 3/3
  1562 | D:2      | Noticed Jessica
  1571 | D:2      | Killed Jessica
  1571 | D:2      | Reached skill level 4 in Fighting
  1571 | D:2      | Reached skill level 1 in Maces & Flails
  1571 | D:2      | Reached XP level 4. HP: 33/38 MP: 4/4
  1583 | D:2      | Noticed Natasha
  1591 | D:2      | Killed Natasha
  2144 | D:2      | HP: 8/38 [centaur skeleton (6)]
  2145 | D:2      | Reached skill level 5 in Fighting
  2145 | D:2      | Reached XP level 5. HP: 5/44 MP: 5/5
  2480 | D:2      | Reached skill level 2 in Maces & Flails
  2869 | D:2      | Noticed Natasha
  2874 | D:2      | Killed Natasha
  2914 | D:2      | Reached skill level 6 in Fighting
  3012 | D:2      | Reached XP level 6. HP: 47/52 MP: 6/6
  3307 | D:2      | Reached skill level 3 in Maces & Flails
  3522 | D:2      | Found an opulent altar of Gozag.
  3522 | D:2      | Found a sacrificial altar of Ru.
  3522 | D:2      | Found a snail-covered altar of Cheibriados.
  3650 | D:2      | Noticed Natasha
  3659 | D:2      | Killed Natasha
  4020 | D:3      | Noticed a phantom
  4024 | D:3      | Found a stormy altar of Qazlal.
  4025 | D:3      | Found a white marble altar of Elyvilon.
  4025 | D:3      | Found a transporter.
  4026 | D:3      | Found a shattered altar of Ashenzari.
  4034 | D:3      | Found a transporter.
  4373 | D:3      | Noticed Ijyb
  4388 | D:3      | Killed Ijyb
  4668 | D:3      | Reached skill level 7 in Fighting
  4719 | D:4      | Found a hide-covered altar of Uskayaw.
  4792 | D:4      | Became a worshipper of Uskayaw the Reveler
  4826 | D:4      | Reached * piety under Uskayaw
  4830 | D:4      | Reached ** piety under Uskayaw
  4837 | D:4      | Reached *** piety under Uskayaw
  4911 | D:4      | Reached XP level 7. HP: 40/60 MP: 7/7
  5034 | D:4      | Noticed Menkaure
  5058 | D:4      | HP: 10/60 [??? (7)]
  5059 | D:4      | Slain by Menkaure

Skill      XL: |  1  2  3  4  5  6 |
---------------+-------------------+-----
Fighting       | 3 4 5 6 7 |  7.3
Maces & Flails | 1 2 3 |  3.6
Axes           | |  4.8
Armour         | |  2.4
Shields        | |  2.1

Action                   |  1- 3 |  4- 6 |  7- 9 || total
-------------------------+-------+-------+-------++-------
Melee: Hand axe          |    81 |       |       ||    81
       Mace              |     4 |   203 |     6 ||   213
Throw: Stone             |    13 |     4 |       ||    17
Invok: Stomp             |       |       |     1 ||     1
 Abil: Hop               |       |     2 |     1 ||     3
  Use: Scroll            |     5 |     2 |       ||     7
 Stab: Sleeping          |     1 |       |       ||     1
  Eat: Chunk             |     1 |    12 |     1 ||    14
Armor: Robe              |    13 |     7 |       ||    20
       Scale mail        |       |    58 |     2 ||    60
       Ring mail         |       |    17 |       ||    17
Dodge: Dodged            |    44 |   107 |     6 ||   157

Vault maps used:
D:1:      nicolae_arrival_somewhat_less_tricky_arrival, serial_park_tiny_1
D:2:      gammafunk_temple_overflow_forgotten, uniq_natasha, uniq_jessica
D:3:      gammafunk_temple_overflow_arena, minmay_misc_feat_encased,
          kennysheep_potato, uniq_ijyb
D:4:      lemuel_doored_altar, temple_hall, first_ration, minmay_ogre_servants,
          uniq_menkaure

Table legend:
 A = Turns spent in this place as a percentage of turns spent in the entire game.
 B = Non-inter-level travel turns spent in this place as a percentage of non-inter-level travel turns spent in the entire game.
 C = Inter-level travel turns spent in this place as a percentage of turns spent in this place.
 D = Turns resting spent in this place as a percentage of non-inter-level travel turns spent in this place.
 E = Turns spent auto-exploring this place as a percentage of non-inter-level travel turns spent in this place.
 F = Non-inter-level travel turns spent in this place divided by the number of levels of this place that you've seen.
                   A       B       C       D       E      F
               +-------+-------+-------+-------+-------+----------------------
         Total | 100.0 | 100.0 |   0.7 |  48.0 |  33.4 | 1255.8
       Dungeon | 100.0 | 100.0 |   0.7 |  48.0 |  33.4 | 1255.8
               +-------+-------+-------+-------+-------+----------------------

Table legend:
 A = Kills in this place as a percentage of kills in entire the game.
 B = Kills by you in this place as a percentage of kills by you in the entire game.
 C = Kills by friends in this place as a percentage of kills by friends in the entire game.
 D = Other kills in this place as a percentage of other kills in the entire game.
 E = Experience gained in this place as a percentage of experience gained in the entire game.
 F = Experience gained in this place divided by the number of levels of this place that you have seen.
                   A       B       C       D       E      F
               +-------+-------+-------+-------+-------+----------------------
         Total | 100.0 | 100.0 |   N/A |   N/A | 100.0 | 161.5
       Dungeon | 100.0 | 100.0 |   N/A |   N/A | 100.0 | 161.5
               +-------+-------+-------+-------+-------+----------------------
